 Dungeon Crawl Stone Soup version 0.28-a0-1087-gf3fc490d9d (webtiles) character file.

Game seed: 9857155945558534761

2 meatgazer the Skirmisher (level 1, -3/18 HPs)
             Began as a Demonspawn Abyssal Knight on Dec 10, 2021.
             Was an Initiate of Lugonu.
             Slain by a kobold (4 damage)
             ... on level 1 of the Dungeon.
             The game lasted 00:00:40 (279 turns).

meatgazer the Skirmisher (Demonspawn Abyssal Knight) Turns: 279, Time: 00:00:40

Health: -3/18      AC:  4    Str: 13    XL:     1   Next: 33%
Magic:  2/2        EV: 11    Int: 11    God:    Lugonu [......]
Gold:   28         SH:  0    Dex: 13    Spells: 0/0 levels left

rFire   . . .      SeeInvis .   a - +1 falchion
rCold   . . .      Faith    .   (no shield)
rNeg    + . .      Spirit   .   b - +0 leather armour
rPois   .          Reflect  .   (no helmet)
rElec   .          Harm     .   (no cloak)
rCorr   .          Rampage  .   (no gloves)
Will    .....                   c - +0 pair of boots
Stlth   +.........              (no amulet)
HPRegen 0.06/turn               f - ring of positive energy
MPRegen 0.08/turn               (no ring)

@: unable to read
A: [inability to read while threatened]
a: Renounce Religion


You were on level 1 of the Dungeon.
You worshipped Lugonu.
Lugonu was noncommittal.
You visited 1 branch of the dungeon, and saw 1 of its levels.
You visited the Abyss 1 time.

You collected 28 gold pieces.

Inventory:

Hand Weapons
 a - a +1 falchion (weapon)
Armour
 b - a +0 leather armour (worn)
 c - a +0 pair of boots (worn)
Jewellery
 f - a ring of positive energy (left hand)
Potions
 d - a potion of curing {unknown}
 e - a potion of heal wounds {unknown}
 g - a potion of ambrosia {unknown}


   Skills:
 + Level 3.0 Fighting
 + Level 1.8 Long Blades
 + Level 1.8 Armour
 + Level 1.0 Dodging
 + Level 2.5 Invocations


You couldn't memorise any spells.
You didn't know any spells.
Your spell library contained the following spells:

 Spells                   Type           Power      Damage    Failure   Level
 Shock                    Conj/Air       0%         1d3       41%         1
 Swiftness                Air            0%         N/A       80%         3
 Airstrike                Air            0%         N/A       99%         4


Dungeon Overview and Level Annotations

Branches:
Dungeon (1/15)

Altars:


Innate Abilities, Weirdness & Mutations

[You sometimes lose the ability to read scrolls when taking damage.]


Message History

There is an open door here.
Found 18 stones.
A kobold comes into view.
It is wielding a +0 short sword of flaming.
The kobold shouts!
The kobold throws a stone.
The stone barely misses you.
The kobold throws a stone.
The stone hits you. The kobold barely misses you.
You closely miss the kobold.
The kobold hits you with a +0 short sword of flaming.
The kobold burns you.
The kobold hits you with a +0 short sword of flaming.
You feel threatened and lose the ability to read scrolls!
The kobold burns you.
You are too injured to fight recklessly!
You are too injured to fight recklessly!
You are too injured to fight recklessly!
You are too injured to fight recklessly!
You are too injured to fight recklessly!
You are too injured to fight recklessly!
You are too injured to fight recklessly!
You are too injured to fight recklessly!
A kobold is nearby!
You barely miss the kobold. The kobold completely misses you.
You completely miss the kobold. The kobold hits you but does no damage.
You barely miss the kobold. The kobold barely misses you.
You closely miss the kobold.
You can read scrolls again.
The kobold hits you with a +0 short sword of flaming.
You feel threatened and lose the ability to read scrolls!
The kobold burns you.
* * * LOW HITPOINT WARNING * * *
You closely miss the kobold.
You can read scrolls again.
The kobold hits you with a +0 short sword of flaming.
You feel threatened and lose the ability to read scrolls!
* * * LOW HITPOINT WARNING * * *
The kobold burns you.
* * * LOW HITPOINT WARNING * * *
The kobold hits you with a +0 short sword of flaming.
You die...

###P...#.PP.###).
..#########.....
##...............
+...........####
######...........####
#...........†##'###..
#$...........##.#...#
#..K.........##.#..##
#...@........##.##.#.
#............##.###..
#............##.# ###
#............##.####.
#............##.##...
+............##.#....
#..........(.##.#....
#.............#.#....
###+######....#.##...


You could see a kobold.

Vanquished Creatures
  A goblin (D:1)
  A hobgoblin (D:1)
2 creatures vanquished.

Notes
Turn   | Place    | Note
-------+----------+-------------------------------------------
     0 | Abyss:1  | meatgazer the Demonspawn Abyssal Knight began the quest for
                  | the Orb.
     0 | Abyss:1  | Reached XP level 1. HP: 18/18 MP: 2/2
     7 | Abyss:1  | Found a corrupted altar of Lugonu.
    36 | Abyss:2  | Found a corrupted altar of Lugonu.
    68 | Abyss:2  | Noticed a wretched star
    68 | Abyss:2  | Noticed a phantasmal warrior
    76 | D:1      | Escaped the Abyss
   197 | D:1      | Found a faded altar of an unknown god.
   239 | D:1      | Reached skill level 1 in Dodging
   279 | D:1      | Slain by a kobold

Illustrated notes

Levels and vault maps discovered:
D:1:      dpeg_arrival_three_same_balls, layout_basic,
          shapermc_ecumenical_altar_gd

Skill      XL: |  1 |
---------------+----+-----
Dodging        | 1 |  1.0
Fighting       | |  3.0
Long Blades    | |  1.8
Armour         | |  1.8
Invocations    | |  2.5

Action                   || total
-------------------------++-------
Melee: Falchion          ||    13
Invok: Depart the Abyss  ||     1
Armor: Leather armour    ||     1
Dodge: Dodged            ||     7

Table legend: (Time is in decaauts)
 A = Elapsed time spent in this place.
 B = Non-inter-level travel time spent in this place.
 C = Inter-level travel time spent in this place.
 D = Time resting spent in this place.
 E = Time spent auto-exploring this place.
 F = Levels seen in this place.
 G = Mean time per level.
                   A        B        C        D        E       F      G
               +--------+--------+--------+--------+--------+-----+--------+
         Total |    284 |    284 |      0 |      0 |    210 |   3 |   94.7 |
       Dungeon |    204 |    204 |      0 |      0 |    164 |   1 |  204.0 |
         Abyss |     79 |     79 |      0 |      0 |     46 |   2 |   39.5 |
               +--------+--------+--------+--------+--------+-----+--------+

Top non-repeatable levels by time:
     D:1: 204 daAuts
 Abyss:2: 43 daAuts
 Abyss:1: 36 daAuts
